 Dungeon Crawl Stone Soup version 0.18-a0-971-g0af6217 (webtiles) character file.

71 4thArraOfDagon the Firebug (level 4, -2/24 HPs)
             Began as a Deep Elf Fire Elementalist on Jan 2, 2016.
             Slain by a sky beast (6 damage)
             ... on level 5 of the Dungeon.
             The game lasted 00:05:20 (850 turns).

4thArraOfDagon the Firebug (DEFE)                    Turns: 850, Time: 00:05:20

Health: -2/24      AC:  4    Str:  5    XL:     4   Next: 5%
Magic:  7/11       EV: 13    Int: 21    God:
Gold:   62         SH:  0    Dex: 15    Spells: 2 memorised, 6 levels left

rFire  + . .     SeeInvis .     h - +1 dagger (holy)
rCold  . . .     Gourm    .     l - +2 robe {Archmagi}
rNeg   . . .     Faith    .     (no shield)
rPois  .         Spirit   .     (no helmet)
rElec  .         Dismiss  .     (no cloak)
rCorr  .         Reflect  .     (no gloves)
SustAt .         Harm     .     (no boots)
MR     .....                    (no amulet)
Stlth  ++........               o - ring of flight
                                i - ring of protection from fire

@: not resistant to hostile enchantments, unstealthy
A: no striking features
a: Evoke Flight


You were on level 5 of the Dungeon.
You were not hungry.

You visited 2 branches of the dungeon, and saw 7 of its levels.

You collected 62 gold pieces.

Inventory:

Hand Weapons
 d - a +0 dagger of venom
 h - a +1 dagger of holy wrath (weapon)
Armour
 a - a +0 robe
 l - a +2 robe of the Archmagi (worn)
Jewellery
 i - a ring of protection from fire (left hand)
 o - a ring of flight (right hand)
Scrolls
 f - 2 scrolls of remove curse
Potions
 k - a potion of invisibility {unknown}
Books
 b - a book of Flames

   Spells                             Type                      Level
   a - Flame Tongue                   Conjuration/Fire             1
   b - Throw Flame                    Conjuration/Fire             2
   c - Conjure Flame                  Conjuration/Fire             3
   d - Inner Flame                    Hexes/Fire                   3
   e - Sticky Flame                   Conjuration/Fire             4
   f - Fireball                       Conjuration/Fire             5
Comestibles
 c - 2 bread rations
 j - a beef jerky
 n - a meat ration


   Skills:
 - Level 2.4 Dodging
 - Level 2.4 Stealth
 + Level 3.5 Spellcasting
 * Level 2.5 Conjurations
 * Level 4.5 Fire Magic


You had 6 spell levels left.
You knew the following spells:

 Your Spells              Type           Power        Failure   Level  Hunger
a - Flame Tongue          Conj/Fire      ####.        3%          1    None
b - Conjure Flame         Conj/Fire      ####....     12%         3    ###....


Dungeon Overview and Level Annotations

Branches:
Dungeon (6/15)             Temple (1/1) D:5

Altars:
Ashenzari
Dithmenos
Gozag
Kikubaaqudgha
Makhleb
Pakellas
Qazlal
Ru
Xom
Yredelemnul
Zin
The Shining One


Message History

Confirm with . or Enter, or press ? or * to list all spells.
Aiming: Flame Tongue
Press: ? - help, Shift-Dir - straight line, f - sky beast
Aim: a sky beast You feel a surge of power!
The flame tongue hits the sky beast.
The sky beast is moderately wounded.
The sky beast is engulfed in a cloud of scalding steam.
The sky beast misses you.
Casting: Flame Tongue
Confirm with . or Enter, or press ? or * to list all spells.
Aiming: Flame Tongue
Press: ? - help, Shift-Dir - straight line, f/p - sky beast
Aim: a sky beast (steam, moderately wounded)
You feel a surge of power!
The flame tongue hits the sky beast.
The sky beast is heavily wounded.
The sky beast is engulfed in a cloud of scalding steam.
The sky beast hits you.
* * * LOW HITPOINT WARNING * * *
The sky beast shocks you.
You die...

#.##<.#
#...#.####
#.###.######.#.#
#............#.#
#####.########.#
#.# #.# #.# #.#
#.# #.#
#.########≈#
#......Y@..#
############


You could see a sky beast.

Vanquished Creatures
  Jessica (D:2)
  A worker ant zombie (D:5)
  2 worms (D:2)
  3 giant geckos
  An orc (D:3)
  A ball python (D:2)
  2 bats (D:1)
  A giant cockroach (D:6)
  2 goblins (D:1)
  2 hobgoblins (D:1)
  A giant newt (D:3)
  7 kobolds
  2 rats
26 creatures vanquished.

Notes
Turn   | Place    | Note
--------------------------------------------------------------
     0 | D:1      | 4thArraOfDagon the Deep Elf Fire Elementalist began the quest for the Orb.
     0 | D:1      | Reached XP level 1. HP: 10/10 MP: 6/6
   129 | D:1      | Found a shattered altar of Ashenzari.
   157 | D:1      | Reached XP level 2. HP: 15/15 MP: 0/8
   323 | D:1      | Reached skill level 4 in Fire Magic
   350 | D:2      | Noticed Jessica
   382 | D:2      | Killed Jessica
   382 | D:2      | Reached XP level 3. HP: 15/19 MP: 0/9
   478 | D:2      | Learned a level 3 spell: Conjure Flame
   567 | D:5      | Entered Level 5 of the Dungeon
   622 | D:5      | Reached XP level 4. HP: 24/24 MP: 6/11
   650 | D:5      | Found a staircase to the Ecumenical Temple.
   655 | Temple   | Entered the Ecumenical Temple
   717 | Temple   | ofc
   757 | D:5      | Noticed a sky beast
   850 | D:5      | Slain by a sky beast

Vault maps used:
D:1:      minmay_arrival_floating_metal, ashenzari_altar_1
D:2:      st_stairs_3, minmay_misc_feat_iff, uniq_jessica
D:4:      nicolae_ru_awakened_eye, uniq_natasha, uniq_eustachio
D:5:      minitemple, minmay_temple_entry_nine_rooms, serial_shops,
          nicolae_shop_waterfront, first_bread, st_stairs_3
D:6:      uniq_crazy_yiuf_cottage, uniq_blork_the_orc
Temple:   chambers_temple_12

Action                   |  1- 3 |  4- 6 || total
-------------------------+-------+-------++-------
Melee: Short sword       |     1 |       ||     1
       Dagger            |    12 |     4 ||    16
 Cast: Flame Tongue      |    40 |     3 ||    43
       Conjure Flame     |     1 |     1 ||     2
  Use: Scroll            |     3 |       ||     3
       Potion            |     1 |     1 ||     2
 Stab: Sleeping          |     2 |       ||     2
